 Dungeon Crawl Stone Soup version 0.29-a0-384-g6960b1960d (webtiles) character file.

Game seed: 6183403232650614028

1075 garrulousMonolith the Conjurer (level 8, -3/66 HPs)
             Began as a White Draconian Conjurer on May 8, 2022.
             Slain by a troll (6 damage)
             ... on level 6 of the Dungeon.
             The game lasted 00:11:17 (7183 turns).

garrulousMonolith the Conjurer (DrCj)               Turns: 7183, Time: 00:11:17

Health: -3/66      AC:  7    Str:  9    XL:     8   Next: 8%
Magic:  5/14       EV: 12    Int: 21    God:
Gold:   245        SH:  0    Dex: 10    Spells: 6/15 levels left

rFire   + . .      SeeInvis .   s - +1 dagger (freeze)
rCold   + . .      Faith    .   (no shield)
rNeg    . . .      Spirit   .   (body armour unavailable)
rPois   +          Reflect  .   (helmet restricted)
rElec   .          Harm     .   (no cloak)
rCorr   .          Rampage  .   (no gloves)
Will    .....                   i - +0 pair of boots
Stlth   ++........              (no amulet)
HPRegen 0.21/turn               y - ring of poison resistance
MPRegen 0.14/turn               B - ring of protection from fire

@: no status effects
A: breathe frost, AC +6, unfitting armour, cold resistance 1, cold-blooded
a: Breathe Frost


You were on level 6 of the Dungeon.
You visited 1 branch of the dungeon, and saw 6 of its levels.

You collected 245 gold pieces.

Inventory:

Hand Weapons
 d - a +0 hunting sling
 g - a +1 war axe of flaming
 s - a +1 dagger of freezing (weapon)
 E - a +2 whip of electrocution
Missiles
 c - 191 stones
Armour
 i - a +0 pair of boots (worn)
 D - a +0 pair of gloves
Jewellery
 y - a ring of poison resistance (left hand)
 B - a ring of protection from fire (right hand)
Wands
 e - a wand of iceblast (1)
 C - a wand of flame (22)
Scrolls
 f - 2 scrolls of enchant armour {unknown}
 k - 6 scrolls of teleportation
 m - a scroll of noise {unknown}
 n - a scroll of poison {unknown}
 o - a scroll of fog {unknown}
 p - 5 scrolls of amnesia {unknown}
 r - 2 scrolls of fear {unknown}
 t - a scroll of enchant weapon {unknown}
 u - a scroll of immolation {unknown}
 v - a scroll of vulnerability {unknown}
Potions
 a - 2 potions of magic
 b - a potion of heal wounds
 h - a potion of flight
 j - 2 potions of ambrosia
 l - a potion of attraction {unknown}
 q - 3 potions of haste
 w - 3 potions of curing
 x - 2 potions of brilliance {unknown}
 z - 2 potions of lignification {unknown}
 A - a potion of cancellation {unknown}
 F - a potion of resistance {unknown}


   Skills:
 + Level 3.6 Fighting
 + Level 3.9 Dodging
 - Level 2.3 Stealth
 + Level 4.0 Spellcasting
 * Level 6.5 Conjurations
 * Level 3.3 Hexes


You had 6 spell levels left.
You knew the following spells:

 Your Spells              Type           Power      Damage    Failure   Level
a - Magic Dart            Conj           100%       1d8       1%          1
b - Searing Ray           Conj           62%        2d6       1%          2
c - Dazzling Flash        Conj/Hex       50%        N/A       4%          3
d - Tukima's Dance        Hex            18%        N/A       9%          3

Your spell library contained the following spells:

 Spells                   Type           Power      Damage    Failure   Level
 Fulminant Prism          Conj/Hex       12%        3d9       16%         4
 Iskenderun's Mystic Bla  Conj/Tloc      18%        2d6       30%         4
 Anguish                  Hex/Necr       5%         N/A       52%         4
 Enfeeble                 Hex            9%         N/A       100%        7


Dungeon Overview and Level Annotations

Branches:
Dungeon (6/15)
 Temple: D:4-7

Altars:

Shops:
D:4 *


Innate Abilities, Weirdness & Mutations

You can breathe waves of freezing cold which knock back foes.
Your icy white scales are hard. (AC +6)
You cannot fit into any form of body armour.
Your flesh is cold resistant. (rC+)
You are cold-blooded and may be slowed by cold attacks.


Message History

Casting: Dazzling Flash (dangerous; 4% risk of failure)
Press: ? - help, Dir - look around, f - activate
Okay, then.
Casting: Dazzling Flash (dangerous; 4% risk of failure)
Confirm with . or Enter, or press ? or * to list all spells.
Casting: Dazzling Flash (dangerous; 4% risk of failure)
Press: ? - help, Dir - look around, f - activate The troll is dazzled.
The troll closely misses you. The troll barely misses you.
The troll claws you but does no damage.
You hit the troll. You freeze the troll.
The troll is lightly wounded.
You hit the troll. You freeze the troll.
You tail-slap the troll, but do no damage.
The troll is lightly wounded.
You hit the troll. You freeze the troll. You punch the troll.
The troll is lightly wounded.
The troll is no longer blind.
The troll bites you! The troll misses you. The troll closely misses you.
You hit the troll but do no damage.
The troll is lightly wounded.
The troll bites you! The troll misses you. The troll closely misses you.
Casting: Dazzling Flash (dangerous; 4% risk of failure)
Confirm with . or Enter, or press ? or * to list all spells.
Aiming: Searing Ray (safe; 1% risk of failure)
Press: ? - help, Shift-Dir - straight line, f - troll
Aim: a troll (lightly wounded, 79% to hit)
The searing ray hits the troll!
The troll is moderately wounded. (Press . to maintain the ray.)
The troll bites you. The troll claws you! x2
The searing ray hits the troll.
The troll is heavily wounded.
The troll bites you. The troll claws you!
* * * LOW HITPOINT WARNING * * *
The troll misses you.
The searing ray misses the troll.
The troll bites you!
* * * LOW HITPOINT WARNING * * *
The troll claws you.
You die...

#.#.# #.#..#.#
#.#.###.#..#.###
#.#...#.#..#...#
#.###.#.#..#...#########
#.......................
#####.#.#..#...#####...[
#.#....#...#####....
###+#.##.#T..........
.........@...........
.....###...............
...... #...............
......###.......######.#
..............)<........
......####.....[######.#
..............#..#.#
#........###.#..#.#
#........# #.#oo.<#


You could see a troll.

Vanquished Creatures
  2 black bears
  3 ogres
  A centaur (D:5)
  2 scorpions (D:5)
  2 hounds
  An orc priest (D:5)
  2 jellies (D:5)
  5 iguanas
  5 adders
  4 worms
  A dart slug (D:2)
  10 orcs
  6 ball pythons
  5 endoplasms
  2 giant cockroaches
  8 hobgoblins
  3 jackals (D:1)
  3 quokkas
  6 bats
  8 frilled lizards
  11 goblins
  11 kobolds
  11 rats
112 creatures vanquished.

Notes
Turn   | Place    | Note
-------+----------+-------------------------------------------
     0 | D:1      | garrulousMonolith the Draconian Conjurer began the quest
                  | for the Orb.
     0 | D:1      | Reached XP level 1. HP: 14/14 MP: 3/3
   522 | D:1      | Reached XP level 2. HP: 20/20 MP: 5/5
   525 | D:1      | Learned a level 2 spell: Searing Ray
  1351 | D:1      | Reached XP level 3. HP: 26/26 MP: 3/6
  1355 | D:1      | Learned a level 3 spell: Dazzling Flash
  2899 | D:3      | Found a faded altar of an unknown god.
  2940 | D:3      | Reached XP level 4. HP: 34/34 MP: 7/7
  3031 | D:3      | Reached skill level 1 in Fighting
  3822 | D:3      | Reached XP level 5. HP: 12/40 MP: 1/9
  4190 | D:4      | Noticed an ogre
  4194 | D:4      | Killed an ogre
  4195 | D:4      | Reached skill level 5 in Conjurations
  4258 | D:4      | Found Tijio's Assorted Antiques.
  4293 | D:4      | Noticed a black bear
  4300 | D:4      | Killed a black bear
  4301 | D:4      | Reached XP level 6. HP: 48/48 MP: 2/10
  4408 | D:4      | Reached skill level 1 in Hexes
  4790 | D:5      | Entered Level 5 of the Dungeon
  5188 | D:5      | Your scales start taking on an icy white colour.
  5188 | D:5      | Reached XP level 7. HP: 37/56 MP: 5/12
  5188 | D:5      | Gained mutation: Your flesh is cold resistant. (rC+) [White
                  | Draconian growth]
  5505 | D:5      | Reached skill level 6 in Conjurations
  5798 | D:5      | Learned a level 3 spell: Tukima's Dance
  6910 | D:6      | Noticed a troll
  6926 | D:6      | Reached XP level 8. HP: 14/64 MP: 5/14
  7183 | D:6      | HP: 3/66 [troll (15)]
  7183 | D:6      | Slain by a troll

Illustrated notes

Levels and vault maps discovered:
D:1:      grunt_arrival_lava_bath, layout_basic
D:2:      layout_loops_corners
D:3:      layout_basic, basic_ecumenical_altar
D:4:      layout_cave_pools, serial_shops, shop
D:5:      cheibrodos_helix_gallery, layout_layer_cave
D:6:      layout_basic, minmay_temple_entry_butterflies, grunt_ministairs_2

Skill      XL: |  1  2  3  4  5  6  7 |
---------------+----------------------+-----
Stealth        | 2 |  2.3
Dodging        | 2 3 |  3.9
Fighting       | 1 2 3 |  3.6
Spellcasting   | 3 4 |  4.0
Conjurations   | 5 6 |  6.5
Hexes          | 2 3 |  3.3

Action                   |  1- 3 |  4- 6 |  7- 9 || total
-------------------------+-------+-------+-------++-------
Melee: Unarmed           |     5 |       |       ||     5
       Tailslap          |     3 |       |     3 ||     6
       Dagger            |     9 |       |     5 ||    14
       War axe           |     4 |     7 |     3 ||    14
       Whip              |       |       |    16 ||    16
       Punch             |       |       |     1 ||     1
 Fire: Hunting sling     |    11 |       |       ||    11
 Cast: Magic Dart        |    71 |    89 |    44 ||   204
       Searing Ray       |    10 |     6 |    10 ||    26
       Dazzling Flash    |       |       |     3 ||     3
 Abil: Breathe Frost     |       |       |     1 ||     1
Evoke: Wand              |       |     3 |     1 ||     4
  Use: Scroll            |     4 |     2 |     1 ||     7
       Potion            |       |     1 |     1 ||     2
 Stab: Sleeping          |     1 |       |       ||     1
Armor: Skin              |    19 |    22 |    14 ||    55
Dodge: Dodged            |    34 |    25 |    43 ||   102

Table legend: (Time is in decaauts)
 A = Elapsed time spent in this place.
 B = Non-inter-level travel time spent in this place.
 C = Inter-level travel time spent in this place.
 D = Time resting spent in this place.
 E = Time spent auto-exploring this place.
 F = Levels seen in this place.
 G = Mean time per level.
                   A        B        C        D        E       F      G
               +--------+--------+--------+--------+--------+-----+--------+
         Total |   7194 |   7110 |     84 |   1582 |   4777 |   6 | 1199.0 |
       Dungeon |   7194 |   7110 |     84 |   1582 |   4777 |   6 | 1199.0 |
               +--------+--------+--------+--------+--------+-----+--------+

Top non-repeatable levels by time:
     D:5: 2244 daAuts
     D:1: 1561 daAuts
     D:3: 1274 daAuts
     D:2: 1204 daAuts
     D:4: 756 daAuts
     D:6: 152 daAuts
